 Dungeon Crawl Stone Soup version 0.28.0-43-g3370ac3207 (webtiles) character file.

Game seed: 10195000549573376196

317078 pkoi the Devastator (level 20, -3/168 HPs)
             Began as a Yellow Draconian Conjurer on Mar 4, 2022.
             Was an Elder of Sif Muna.
             Slain by a vampire knight
             ... wielding a +0 great sword
              (18 damage)
             ... on level 3 of the Vaults on Mar 6, 2022.
             The game lasted 03:35:43 (103224 turns).

pkoi the Devastator (Yellow Draconian Conjurer)   Turns: 103224, Time: 03:35:43

Health: -3/168     AC: 15    Str: 14    XL:     20   Next: 54%
Magic:  18/38      EV: 16    Int: 38    God:    Sif Muna [****..]
Gold:   4134       SH: 13    Dex: 13    Spells: 0/47 levels left

rFire   . . .      SeeInvis .   I - staff of conjuration
rCold   + + .      Faith    .   X - +1 kite shield of Womintoded {Will- Regen+ rCorr Int+6}
rNeg    . . .      Spirit   .   (armour unavailable)
rPois   +          Reflect  .   z - +0 hat
rElec   .          Harm     .   k - +0 cloak {rPois}
rCorr   +          Rampage  .   B - +1 Delatra's gloves {ID++}
Will    +....                   h - +1 pair of boots of Least Resistance {rC++ Str+3 Int-2}
Stlth   ++++......              O - amulet of the acrobat
HPRegen 1.18/turn               K - +6 ring of intelligence
MPRegen 0.26/turn               Y - ring of Veogauk {Will+ Int+2 Dex+3}

@: marked, channelling
A: spit acid, AC +10, unfitting armour, acidic bite, cold-blooded, acid
resistance, subdued magic 1
}: 2/15 runes: decaying, serpentine
a: Breathe Acid, Renounce Religion, Channel Magic, Forget Spell, Divine Exegesis


You were on level 3 of the Vaults.
You worshipped Sif Muna.
Sif Muna was greatly pleased with you.
You visited 8 branches of the dungeon, and saw 38 of its levels.

You collected 5935 gold pieces.
You spent 1801 gold pieces at shops.

Inventory:

Missiles
 u - 5 throwing nets
Armour
 h - the +1 pair of boots of Least Resistance (worn) {rC++ Str+3 Int-2}
   (You acquired it on level 14 of the Dungeon)

   Str:       It affects your strength (+3).
   Int:       It affects your intelligence (-2).
   rC:        It greatly protects you from cold.
 k - a +0 cloak of poison resistance (worn)
 z - a +0 hat (worn)
 B - the +1 Delatra's gloves (worn) {ID++}
   (You found it on level 6 of the Dungeon)

   It heals its wearer when they drink unknown potions.
   It restores its wearer's MP when they read unknown scrolls.
 X - the +1 kite shield of Womintoded (worn) {Will- Regen+ rCorr Int+6}
   (You found it on level 6 of the Lair of Beasts)

   Int:       It affects your intelligence (+6).
   Regen:     It increases your rate of health regeneration.
   rCorr:     It protects you from acid and corrosion.
   Will:      It decreases your willpower.
Magical Staves
 I - a staff of conjuration (weapon)
Jewellery
 d - a ring of protection from cold
 v - the ring of Gishat {rC+ AC+4 Stlth+}
   (You took it off a gnoll on level 8 of the Dungeon)

   [ring of protection]

   AC:        It affects your AC (+4).
   rC:        It protects you from cold.
   Stlth:     It makes you more stealthy.
 F - a ring of see invisible
 J - a +4 ring of evasion
 K - a +6 ring of intelligence (left hand)
 L - a ring of positive energy
 O - an amulet of the acrobat (around neck)
 U - a ring of wizardry
 V - a ring of flight
 Y - the ring of Veogauk (right hand) {Will+ Int+2 Dex+3}
   (You bought it in a shop on level 1 of the Dungeon)

   [ring of willpower]

   Int:       It affects your intelligence (+2).
   Dex:       It affects your dexterity (+3).
   Will:      It increases your willpower.
Wands
 a - a wand of paralysis (22)
 g - a wand of acid (31)
 n - a wand of digging (28)
 p - a wand of charming (13)
 s - a wand of iceblast (31)
 w - a wand of mindburst (13)
 y - a wand of flame (64)
 G - a wand of polymorph (41)
Scrolls
 b - 7 scrolls of fear
 e - 5 scrolls of enchant armour
 f - 6 scrolls of blinking
 i - 4 scrolls of amnesia
 m - 4 scrolls of fog
 o - 15 scrolls of teleportation
 q - 2 scrolls of holy word
 r - 3 scrolls of enchant weapon
 A - 6 scrolls of brand weapon
 P - 2 scrolls of magic mapping
 R - a scroll of summoning
 W - 2 scrolls of silence
Potions
 c - a potion of ambrosia
 j - 4 potions of haste
 l - a potion of invisibility
 t - 9 potions of heal wounds
 x - 8 potions of brilliance
 C - 3 potions of berserk rage
 D - 3 potions of cancellation
 E - 11 potions of curing
 H - 7 potions of might
 M - 13 potions of flight
 N - 5 potions of magic
 S - 2 potions of resistance
Miscellaneous
 T - a phantom mirror


   Skills:
 - Level 12.0 Fighting
 - Level 12.3 Dodging
 - Level 9.0 Stealth
 + Level 12.9 Shields
 - Level 14.0 Spellcasting
 - Level 18.0 Conjurations
 - Level 9.0 Hexes
 + Level 6.7 Summonings
 - Level 9.0 Translocations
 - Level 6.0 Transmutations
 - Level 6.0 Ice Magic
 - Level 9.0 Air Magic
 - Level 12.0 Invocations
 - Level 2.0 Evocations


You couldn't memorise any spells.
You knew the following spells:

 Your Spells              Type           Power      Damage    Failure   Level
a - Magic Dart            Conj           100%       1d8       0%          1
b - Iskenderun's Battles  Conj           100%       2d15      1%          5
c - Iskenderun's Mystic   Conj/Tloc      99%        2d19      1%          4
d - Fulminant Prism       Conj/Hex       49%        3d21      1%          4
e - Passwall              Tmut/Erth      31%        N/A       1%          2
f - Blink                 Tloc           100%       N/A       1%          2
g - Apportation           Tloc           100%       N/A       1%          1
h - Freezing Cloud        Conj/Ice/Air   45%        6-21      1%          5
i - Summon Lightning Spi  Summ/Air       60%        N/A       1%          4
j - Irradiate             Conj/Tmut      47%        3d29      1%          5
k - Orb of Destruction    Conj           56%        9d14      1%          7
l - Spellforged Servitor  Conj/Summ      47%        N/A       12%         7

Your spell library contained the following spells:

 Spells                   Type           Power      Damage    Failure   Level
 Shock                    Conj/Air       100%       1d9       0%          1
 Searing Ray              Conj           100%       2d8       0%          2
 Static Discharge         Conj/Air       99%        N/A       0%          2
 Dazzling Flash           Conj/Hex       100%       N/A       0%          3
 Animate Skeleton         Necr           40%        N/A       1%          1
 Beastly Appendage        Tmut           100%       N/A       1%          1
 Foxfire                  Conj/Fire      100%       2x1d9     1%          1
 Sandblast                Erth           40%        2d10      1%          1
 Sting                    Tmut/Pois      100%       1d8       1%          1
 Summon Small Mammal      Summ           100%       N/A       1%          1
 Corpse Rot               Necr/Air       92%        N/A       1%          2
 Ensorcelled Hibernation  Hex/Ice        100%       N/A       1%          2
 Poisonous Vapours        Pois/Air       92%        N/A       1%          2
 Wereblood                Tmut           53%        N/A       1%          2
 Call Canine Familiar     Summ           56%        N/A       1%          3
 Confusing Touch          Hex            64%        N/A       1%          3
 Conjure Flame            Conj/Fire      83%        6-21      1%          3
 Gell's Gravitas          Tloc           64%        N/A       1%          3
 Lesser Beckoning         Tloc           64%        N/A       1%          3
 Mephitic Cloud           Conj/Pois/Air  83%        N/A       1%          3
 Portal Projectile        Hex/Tloc       100%       N/A       1%          3
 Spider Form              Tmut/Pois      38%        N/A       1%          3
 Stone Arrow              Conj/Erth      100%       3d13      1%          3
 Swiftness                Air            64%        N/A       1%          3
 Teleport Other           Tloc           64%        N/A       1%          3
 Airstrike                Air            32%        N/A       1%          4
 Cause Fear               Hex            32%        N/A       1%          4
 Flame Wave               Conj/Fire      83%        2d14      1%          4
 Hailstorm                Conj/Ice       94%        3d19      1%          4
 Ice Form                 Ice/Tmut       53%        N/A       1%          4
 Summon Ice Beast         Ice/Summ       55%        N/A       1%          4
 Fireball                 Conj/Fire      41%        3d17      1%          5
 Lightning Bolt           Conj/Air       49%        1d70      1%          5
 Manifold Assault         Tloc           64%        N/A       1%          5
 Silence                  Hex/Air        32%        N/A       1%          5
 Summon Mana Viper        Hex/Summ       60%        N/A       1%          5
 Conjure Ball Lightning   Conj/Air       49%        3x3d17    1%          6
 Sublimation of Blood     Necr           20%        N/A       2%          2
 Yara's Violent Unravell  Hex/Tmut       29%        3d12      2%          5
 Anguish                  Hex/Necr       23%        N/A       3%          4
 Leda's Liquefaction      Hex/Erth       23%        N/A       3%          4
 Blade Hands              Tmut           26%        N/A       4%          5
 Petrify                  Tmut/Erth      38%        N/A       6%          4
 Dispersal                Tloc           32%        N/A       8%          6
 Iron Shot                Conj/Erth      41%        9d8       8%          6
 Starburst                Conj/Fire      41%        6d12      8%          6
 Alistair's Intoxication  Tmut/Pois      25%        N/A       17%         5
 Animate Dead             Necr           10%        N/A       22%         4
 Dispel Undead            Necr           20%        3d11      22%         4
 Olgreb's Toxic Radiance  Pois           20%        N/A       22%         4
 Enfeeble                 Hex            32%        N/A       43%         7
 Agony                    Necr           20%        N/A       52%         5
 Borgnjor's Vile Clutch   Necr/Erth      10%        N/A       52%         5
 Excruciating Wounds      Necr           10%        N/A       52%         5
 Storm Form               Tmut/Air       29%        N/A       65%         7
 Eringya's Noxious Bog    Tmut/Pois      19%        N/A       71%         6
 Simulacrum               Ice/Necr       19%        N/A       71%         6
 Statue Form              Tmut/Erth      25%        N/A       71%         6
 Monstrous Menagerie      Summ           28%        N/A       77%         7
 Dragon Form              Tmut           26%        N/A       86%         7
 Disjunction              Tloc           32%        N/A       98%         8
 Lehudib's Crystal Spear  Conj/Erth      41%        10d10     98%         8
 Maxwell's Capacitive Co  Air            32%        ∞         98%         8
 Infestation              Necr           10%        N/A       100%        8
 Chain Lightning          Conj/Air       49%        3d66      100%        9
 Death's Door             Necr           10%        N/A       100%        9
 Fire Storm               Conj/Fire      41%        8d11      100%        9


Dungeon Overview and Level Annotations

Branches:
Dungeon (15/15)            Temple (1/1) D:5            Lair (6/6) D:10
  Swamp (4/4) Lair:2        Snake (4/4) Lair:3        Slime (0/5) Lair:6
    Orc (2/2) D:11            Elf (3/3) Orc:2        Vaults (3/5) D:13
 Depths (0/4) D:15
  Crypt: Vaults:2-3

Altars:
Ashenzari
Cheibriados
Dithmenos
Elyvilon
Fedhas
Gozag
Hepliaklqana
Kikubaaqudgha
Makhleb
Nemelex Xobeh
Okawaru
Qazlal
Ru
Sif Muna
Trog
Uskayaw
Vehumet
Wu Jian
Xom
Yredelemnul
Zin
The Shining One
Beogh
Jiyva

Shops:
D:1 =   D:2 [   D:4 *=(   D:13 =   Orc:2 *(*(   Elf:2 ?   Snake:3 (!(
Snake:4 **   Vaults:1 *

Portals:
Abyss: Lair:6

Annotations:
Lair:6 2 transporters, Yqaomuips's ghost, journeyman OpVM
Elf:1 6 runed translucent doors


Innate Abilities, Weirdness & Mutations

You can spit globs of acid.
Your golden yellow scales are hard. (AC +10)
You cannot fit into any form of body armour.
You have acidic saliva.
You are cold-blooded and may be slowed by cold attacks.
You are resistant to acid. (rCorr)
Your spells are a little easier to cast, but a little less powerful.


Message History

Your battlesphere is engulfed in spectral mist. x2
The spectral storm dragon bites your battlesphere!
Your battlesphere is destroyed!
Something completely misses you. Something bites you but does no damage.
You hear some strange, mumbled words.
Something hits you!!!
* * * LOW HITPOINT WARNING * * *
Something completely misses you.
Casting: Magic Dart (safe; 0% risk of failure)
Confirm with . or Enter, or press ? or * to list all spells.
You feel a surge of power!
You erupt in a blast of force!
The mystic blast hits the spectral storm dragon!!
The spectral storm dragon is moderately damaged.
The spectral storm dragon is knocked back by the mystic blast.
The mystic blast hits something.
The spectral necromancer fades away!
The spectral storm dragon fades away!
Casting: Iskenderun's Mystic Blast (safe; 1% risk of failure)
Confirm with . or Enter, or press ? or * to list all spells.
You can't see any susceptible monsters within range! (Use Z to cast anyway.) Unknown command.
The revenant conjures spectral mists around you.
The spectral mist engulfs you but does no damage.
Something hits you!!
* * * LOW HITPOINT WARNING * * *
Something bites you but does no damage.
Unknown command.
Casting: Iskenderun's Mystic Blast (safe; 1% risk of failure)
Confirm with . or Enter, or press ? or * to list all spells.
You feel a surge of power!
You erupt in a blast of force!
The mystic blast hits the spectral glowing shapeshifter.
The spectral glowing shapeshifter is lightly damaged.
The spectral glowing shapeshifter is knocked back by the mystic blast.
The mystic blast hits something but does no damage.
The mystic blast hits the spectral ironbound convoker!
The spectral ironbound convoker is moderately damaged.
The spectral ironbound convoker is knocked back by the mystic blast.
You are engulfed in spectral mist.
* * * LOW HITPOINT WARNING * * *
Something hits you!!
You die...

#....#......#...........#
#....#......#...........# #
#....#......#...........# ..
#....#......#...........# ..
#....#......#...Z.......#
#####....#......'...........#
.........########§☼.........#
....<..........§{☼☼.........#
###########...§§@☼§§§§z.....#
#...§#########....# #Z...#
#○☼○.# #....# #☼°☼.# #....#
#§§§.# #....# #Z§☼.# #....'
#☼...# #z...# #)...#


You could see a revenant, a spectral glowing shapeshifter (summoned) and a
spectral ironbound convoker (summoned).

Vanquished Creatures
  Jory (Vaults:2)
  Rupert (D:13)
  2 tentacled monstrosities
  A deep elf blademaster (Elf:2)
  2 sphinxes
  A thorn hunter (Swamp:3)
  Kirke (Lair:6)
  5 nagarajas (Snake:4)
  Roxanne (D:15)
  2 fenstrider witches
  Aizul (Snake:2)
  3 vault wardens
  2 deep elf elementalists (Elf:1)
  11 ironbound preservers
  A quicksilver ooze (Lair:6)
  5 very ugly things
  2 deep elf demonologists
  Nessos (D:15)
  5 eleionomae
  3 ironbound thunderhulks
  3 dire elephants
  2 deep elf annihilators (Elf:3)
  Snorg (Lair:4)
  5 bunyips
  A deep elf death mage (Vaults:2)
  Josephine (D:13)
  A fire dragon (D:13)
  10 vault guards
  6 yaktaur captains
  2 shambling mangroves (Swamp:4)
  A salamander tyrant (Snake:3)
  A great orb of eyes (Vaults:3)
  A ghost crab (Swamp:1)
  2 deep elf high priests (Elf:1)
  25 hydras
  15 naga warriors
  An anaconda (shapeshifter) (D:13)
  7 anacondas
  16 centaur warriors
  A death knight (Vaults:3)
  4 catoblepae
  3 ironbound frosthearts
  27 dancing weapons
  5 alligators
  5 two-headed ogres
  3 tengu warriors
  5 orc high priests
  15 naga sharpshooters
  2 spriggan berserkers (Swamp:4)
  9 death yaks
  2 deep troll earth magi (Elf:1)
  18 deep elf knights
  8 shock serpents
  4 salamander mystics (Snake:4)
  2 skeletal warriors (D:15)
  35 deep trolls
  2 goliath frogs (Swamp:3)
  3 spriggan druids
  4 wizards
  10 bog bodies
  2 flayed ghosts
  6 naga ritualists
  9 deep elf archers
  14 swamp dragons
  13 ironbound convokers
  25 deep elf pyromancers
  2 necromancers
  11 orc knights
  3 lindwurms
  2 obsidian statues
  7 mana vipers (Snake:1)
  3 harpies (Vaults:1)
  17 deep elf zephyrmancers
  A wolf spider (shapeshifter) (D:13)
  The ghost of DemonSlayer the Thaumaturge, a novice DECj of Nemelex Xobeh (D:8)
  13 ugly things
  4 orc sorcerers
  2 oklob plants (Lair:6)
  A fire giant zombie (D:15)
  3 cyclopes
  4 will-o-the-wisps
  2 wolf spiders (Orc:1)
  18 salamanders
  4 manticores
  A stone giant zombie (D:15)
  4 elephants
  21 naga magi
  10 vault sentinels
  22 black mambas
  A gargoyle (D:13)
  3 guardian serpents
  A cane toad (shapeshifter) (Elf:1)
  A spriggan zombie (D:15)
  2 torpor snails (Lair:5)
  Maggie (D:7)
  11 komodo dragons
  18 yaktaurs
  16 cane toads
  5 rime drakes
  3 tengu conjurers
  2 bloated husks (Swamp:1)
  A spriggan skeleton (D:15)
  2 polar bears
  9 hornets
  18 slime creatures
  10 trolls
  13 tyrant leeches
  Prince Ribbit (D:7)
  A meliai zombie (D:11)
  A blink frog (shapeshifter) (D:14)
  12 blink frogs
  5 dream sheep (Lair:5)
  A vampire (D:13)
  57 yaks
  7 wraiths
  4 wyverns
  8 spriggans
  5 water elementals
  5 basilisks
  4 fire elementals
  A human (Lair:6)
  9 vampire mosquitoes
  2 redbacks (Orc:1)
  A steam dragon (Lair:3)
  Menkaure (D:5)
  Edmund (D:4)
  19 swamp worms
  3 acid dragons
  27 water moccasins
  41 nagas
  4 wargs
  31 orc warriors
  8 swamp drakes
  An ice beast (D:7)
  A black bear (D:7)
  7 necrophages
  9 ogres
  A boggart (Vaults:1)
  27 wolves
  8 centaurs
  2 kobold brigands
  A phantom (D:6)
  Blork the orc (D:4)
  9 bullfrogs
  7 scorpions
  2 gnoll sergeants
  4 water moccasin zombies (D:5)
  2 earth elementals (Elf:1)
  A water moccasin skeleton (D:4)
  16 wights
  An electric eel (Lair:4)
  2 howler monkeys
  4 bullfrog zombies (D:5)
  4 centaur zombies
  9 jellies
  16 orc priests
  2 hounds (D:6)
  A bullfrog skeleton (D:5)
  A centaur skeleton (D:5)
  2 iguanas
  27 orc wizards
  2 scorpion zombies (D:5)
  2 hound zombies (D:5)
  2 hound skeletons (D:5)
  2 human simulacra (D:14)
  2 howler monkey zombies
  13 gnolls
  2 howler monkey skeletons
  7 adders
  3 white imps
  2 adder skeletons (D:5)
  A worm (D:4)
  4 dart slugs
  114 orcs
  7 endoplasms
  8 giant cockroaches
  9 goblins
  8 hobgoblins
  2 quokkas
  4 ball pythons
  9 bats
  4 frilled lizards
  16 kobolds
  11 rats
  A briar patch (Swamp:3)
  A butterfly (Lair:4)
1324 creatures vanquished.

Vanquished Creatures (collateral kills)
  A nagaraja (Snake:4)
  An orc warlord (Vaults:2)
  An ironbound preserver (Vaults:3)
  2 ironbound thunderhulks
  A dire elephant (Vaults:3)
  A vault guard (D:13)
  3 naga warriors (Snake:4)
  A centaur warrior (D:15)
  2 death yaks (Lair:6)
  A naga sharpshooter (Snake:4)
  A deep troll (Vaults:1)
  A goliath frog (Swamp:2)
  A deep elf archer (Elf:1)
  2 naga ritualists (Snake:4)
  A necromancer (Vaults:3)
  2 deep elf zephyrmancers
  An ugly thing (D:14)
  2 oklob plants (Lair:6)
  A salamander (Snake:4)
  A naga mage (Snake:4)
  A vault sentinel (Vaults:2)
  Maurice (D:13)
  A hornet (Swamp:4)
  5 dream sheep (Lair:5)
  2 wraiths (D:13)
  A yak (Lair:6)
  2 nagas (Snake:4)
  A water moccasin (Lair:6)
  A swamp drake (Swamp:4)
42 creatures vanquished.

Vanquished Creatures (others)
  A deep elf knight (Elf:2)
  An unseen horror (shapeshifter) (Elf:1)
  5 humans (Lair:6)
  An orc priest (Elf:1)
  5 orcs (Orc:1)
  14 foxfires
  140 fulminant prisms
  53 fungi
  86 plants
  9 withered plants
315 creatures vanquished.

Grand Total: 1681 creatures vanquished

Notes
Turn   | Place    | Note
-------+----------+-------------------------------------------
     0 | D:1      | pkoi the Draconian Conjurer began the quest for the Orb.
     0 | D:1      | Reached XP level 1. HP: 14/14 MP: 3/3
    17 | D:1      | Found a faded altar of an unknown god.
    34 | D:1      | Found Birgho's One-of-a-Kind Rings.
   247 | D:1      | Reached XP level 2. HP: 20/20 MP: 3/5
   975 | D:2      | Reached skill level 5 in Conjurations
   975 | D:2      | Reached XP level 3. HP: 15/26 MP: 2/6
  1575 | D:2      | Found Dowongo's Armour Shoppe.
  1667 | D:1      | Learned a level 2 spell: Searing Ray
  1734 | D:2      | Found a glowing golden altar of the Shining One.
  2254 | D:3      | Reached XP level 4. HP: 33/33 MP: 4/7
  2923 | D:3      | Reached skill level 6 in Conjurations
  3572 | D:4      | Found Huhoaf's Jewellery Emporium.
  3667 | D:4      | Reached XP level 5. HP: 38/38 MP: 4/8
  3842 | D:4      | Noticed an ogre
  3934 | D:3      | Learned a level 4 spell: Iskenderun's Mystic Blast
  4095 | D:4      | Killed an ogre
  4096 | D:4      | Reached skill level 7 in Conjurations
  4096 | D:4      | Reached skill level 1 in Translocations
  4096 | D:4      | Reached XP level 6. HP: 26/45 MP: 3/9
  4687 | D:4      | HP: 1/45 [kobold brigand/+0 dagger (7)]
  5083 | D:4      | Found Coviw's Lightly-Used Armoury.
  5284 | D:4      | Found Innair's Weapon Shoppe.
  5308 | D:4      | Noticed Edmund
  5424 | D:4      | Your scales start taking on a golden yellow colour.
  5424 | D:4      | Reached XP level 7. HP: 49/50 MP: 5/11
  5424 | D:4      | Gained mutation: You are resistant to acid. (rCorr) [Yellow
                  | Draconian growth]
  5636 | D:4      | Killed Edmund
  6076 | D:4      | Noticed Blork the orc
  6083 | D:4      | Killed Blork the orc
  6719 | D:4      | Reached skill level 8 in Conjurations
  6879 | D:5      | Entered Level 5 of the Dungeon
  6906 | D:4      | Reached XP level 8. HP: 18/57 MP: 2/14
  7573 | D:5      | Found a hide-covered altar of Uskayaw.
  7574 | D:5      | Found a shimmering altar of Xom.
  7577 | D:5      | Found a broken altar of Ashenzari.
  7582 | D:5      | Found a sparkling altar of Nemelex Xobeh.
  7585 | D:5      | Found a sacrificial altar of Ru.
  7590 | D:5      | Found a hazy altar of Hepliaklqana.
  7591 | D:5      | Found a burning altar of Makhleb.
  7664 | D:5      | Found a radiant altar of Vehumet.
  7975 | D:5      | Reached skill level 5 in Spellcasting
  8173 | D:5      | Reached skill level 5 in Translocations
  8347 | D:5      | Got the Disquisition on Gliding Clay
  8353 | D:5      | Learned a level 4 spell: Fulminant Prism
  8409 | D:5      | Noticed Menkaure
  8662 | D:5      | Killed Menkaure
  8816 | D:5      | Reached skill level 1 in Hexes
  8839 | D:5      | Found a staircase to the Ecumenical Temple.
  9276 | D:5      | Reached skill level 9 in Conjurations
  9547 | D:5      | Reached XP level 9. HP: 62/62 MP: 8/17
 10310 | D:6      | Learned a level 2 spell: Passwall
 10466 | Temple   | Entered the Ecumenical Temple
 10532 | Temple   | Became a worshipper of Sif Muna the Loreminder
 11982 | D:6      | Learned a level 2 spell: Blink
 12078 | D:6      | Found the +1 Delatra's gloves {ID++}
 12370 | D:7      | Noticed Prince Ribbit
 12377 | D:7      | Killed Prince Ribbit
 12677 | D:7      | Noticed Maggie
 12691 | D:7      | Killed Maggie
 13170 | D:7      | Found a shadowy altar of Dithmenos.
 13700 | D:8      | Found a runed translucent gate.
 13700 | D:8      | Found a runed translucent gate.
 13700 | D:8      | Found a runed translucent gate.
 13700 | D:8      | Noticed DemonSlayer's ghost (novice DECj)
 13786 | D:8      | Reached skill level 10 in Conjurations
 13953 | D:8      | Learned a level 1 spell: Apportation
 14010 | D:8      | Reached XP level 10. HP: 68/68 MP: 7/20
 14291 | D:8      | Reached * piety under Sif Muna
 14797 | D:8      | Identified the ring of Gishat {rC+ AC+4 Stlth+}
 15697 | D:8      | Found a viscous altar of Jiyva.
 15737 | D:9      | Identified the +1 pair of boots "Kuxti Ramn" {Int+5 Dex+2
                  | Slay-6}
 15823 | D:9      | Found a basalt altar of Yredelemnul.
 15843 | D:9      | Learned a level 5 spell: Freezing Cloud
 16090 | D:9      | Noticed an obsidian statue
 16529 | D:9      | Reached skill level 5 in Hexes
 16602 | D:9      | Reached skill level 1 in Ice Magic
 16602 | D:9      | Reached skill level 1 in Air Magic
 16606 | D:9      | Noticed a two-headed ogre
 16611 | D:9      | Killed a two-headed ogre
 16780 | D:9      | Reached ** piety under Sif Muna
 17492 | D:9      | Reached XP level 11. HP: 74/74 MP: 10/22
 18072 | D:10     | Entered Level 10 of the Dungeon
 20431 | D:10     | Found a staircase to the Lair.
 21108 | D:10     | Noticed a two-headed ogre
 21114 | D:10     | Killed a two-headed ogre
 21541 | D:10     | Noticed an obsidian statue
 21952 | D:11     | Found a staircase to the Orcish Mines.
 22144 | D:11     | Reached skill level 11 in Conjurations
 22686 | D:10     | Killed an obsidian statue
 23101 | D:9      | Gained mutation: Your spells are a little easier to cast,
                  | but a little less powerful. [a neqoxec]
 24478 | D:11     | Found a blossoming altar of Fedhas.
 24677 | D:12     | Noticed a deep elf pyromancer
 24683 | D:12     | Killed a deep elf pyromancer
 24822 | D:12     | Noticed a deep elf pyromancer
 24972 | D:12     | Killed a deep elf pyromancer
 25308 | D:12     | Reached XP level 12. HP: 73/81 MP: 18/24
 25844 | D:12     | Noticed a two-headed ogre
 25850 | D:12     | Killed a two-headed ogre
 25878 | D:12     | Noticed a seven-headed hydra
 25884 | D:12     | Killed a seven-headed hydra
 25885 | D:12     | Reached skill level 5 in Ice Magic
 25885 | D:12     | Reached skill level 5 in Air Magic
 26384 | D:12     | Noticed a six-headed hydra
 26388 | D:12     | Killed a six-headed hydra
 27083 | Lair:1   | Entered Level 1 of the Lair of Beasts
 27483 | Lair:1   | Identified the +1 hunting sling "Nasoesor" {venom, rElec
                  | rF+ rCorr}
 28469 | Lair:1   | Learned a level 4 spell: Summon Lightning Spire
 28709 | Lair:1   | Identified a scroll of acquirement
 28712 | Lair:1   | Acquired a staff of conjuration
 29854 | Lair:2   | Reached skill level 1 in Invocations
 29862 | Lair:2   | Reached skill level 1 in Summonings
 30621 | Lair:2   | Reached *** piety under Sif Muna
 31536 | Lair:2   | Found a staircase to the Swamp.
 31544 | Lair:2   | Reached skill level 1 in Fighting
 31544 | Lair:2   | Reached skill level 12 in Conjurations
 31929 | Lair:3   | Noticed a six-headed hydra
 33460 | Lair:3   | Killed a six-headed hydra
 33662 | Lair:3   | Reached XP level 13. HP: 87/93 MP: 6/26
 33961 | Lair:3   | Found a staircase to the Snake Pit.
 35760 | Lair:4   | Found a stormy altar of Qazlal.
 35967 | Lair:4   | Noticed Snorg
 36066 | Lair:4   | Killed Snorg
 37972 | Lair:5   | Reached **** piety under Sif Muna
 37974 | Lair:5   | Reached skill level 5 in Dodging
 38192 | Lair:5   | Reached skill level 5 in Invocations
 39724 | Lair:5   | Reached skill level 5 in Summonings
 39961 | Lair:6   | Entered Level 6 of the Lair of Beasts
 39989 | Lair:6   | Noticed Kirke
 39996 | Lair:6   | Killed Kirke
 40138 | Lair:5   | Learned a level 5 spell: Irradiate
 40147 | Lair:6   | Gained mutation: You have acidic saliva. [Yellow Draconian
                  | growth]
 40147 | Lair:6   | Reached XP level 14. HP: 77/102 MP: 5/27
 40401 | Lair:6   | Reached skill level 13 in Conjurations
 40706 | Lair:6   | Identified the +1 kite shield of Womintoded {Will- Regen+
                  | rCorr Int+6}
 40727 | Lair:6   | Reached skill level 1 in Transmutations
 41345 | Lair:6   | Found a transporter.
 41347 | Lair:6   | Found a one-way gate to the infinite horrors of the Abyss.
 41347 | Lair:6   | Noticed Yqaomuips's ghost (journeyman OpVM)
 41525 | Lair:6   | Found a transporter.
 41931 | Lair:6   | Noticed a quicksilver ooze
 41947 | Lair:6   | Killed a quicksilver ooze
 43462 | Lair:6   | Reached ***** piety under Sif Muna
 43466 | Lair:6   | Received a gift from Sif Muna
 43467 | Lair:6   | Got Sif Muna's Compendium of Dark Conjuration {god gift}
 44034 | Lair:6   | Identified the +0 long sword "Demonslayer" {freeze, Fly}
 44299 | Lair:6   | Found a staircase to the Slime Pits.
 44835 | D:8      | Killed DemonSlayer's ghost
 45228 | D:13     | Found a gate to the Vaults.
 45865 | D:13     | Noticed Josephine
 46908 | D:13     | Killed Josephine
 47172 | D:13     | Noticed Maurice
 47182 | D:13     | Killed Maurice
 47307 | D:13     | Reached skill level 10 in Spellcasting
 47586 | D:13     | Reached XP level 15. HP: 65/107 MP: 5/29
 47853 | Swamp:1  | Entered Level 1 of the Swamp
 48332 | Lair:2   | Learned a level 5 spell: Iskenderun's Battlesphere
 49514 | Swamp:2  | Reached skill level 5 in Transmutations
 50460 | Swamp:2  | Reached skill level 14 in Conjurations
 51327 | Swamp:2  | Noticed a fenstrider witch
 51331 | Swamp:2  | Killed a fenstrider witch
 51332 | Swamp:2  | Reached skill level 10 in Invocations
 51718 | Swamp:3  | Noticed a thorn hunter
 52312 | Swamp:3  | Noticed a tentacled monstrosity
 53377 | Swamp:3  | Killed a thorn hunter
 54341 | Swamp:3  | Noticed a fenstrider witch
 54346 | Swamp:3  | Killed a fenstrider witch
 54874 | Swamp:3  | Killed a tentacled monstrosity
 55103 | Snake:1  | Entered Level 1 of the Snake Pit
 56135 | Snake:1  | Reached XP level 16. HP: 104/114 MP: 1/31
 57053 | Snake:1  | Reached skill level 15 in Conjurations
 58047 | Snake:1  | Received a gift from Sif Muna
 58048 | Snake:1  | Got Asmodeus's Collected Works on Conjuration {god gift}
 59403 | Snake:2  | Noticed Aizul
 59413 | Snake:2  | Killed Aizul
 63506 | Snake:3  | Found Quci's Antique Weapon Shoppe.
 63508 | Snake:3  | Found Haohyuropp's Distillery.
 63511 | Snake:3  | Found Myby's Antique Weapon Shoppe.
 63514 | Snake:3  | Bought a dazzling quarterstaff for 243 gold pieces
 63514 | Snake:3  | Identified the +11 quarterstaff "Giantbane" {distort, *Slow
                  | Str+2 SInv} (You bought it in a shop on level 3 of the
                  | Snake Pit)
 63517 | Snake:3  | Bought a potion of heal wounds for 75 gold pieces
 64096 | Snake:3  | Reached skill level 5 in Fighting
 64486 | Snake:3  | Reached skill level 5 in Stealth
 65481 | Snake:4  | Entered Level 4 of the Snake Pit
 65681 | Snake:4  | Reached skill level 16 in Conjurations
 67069 | Snake:4  | Reached XP level 17. HP: 74/128 MP: 1/33
 67630 | Snake:4  | Found Zudikh's General Store.
 67632 | Snake:4  | Found Ypnaf's Specific Store.
 69192 | Snake:4  | Learned a level 1 spell: Beastly Appendage
 69201 | Snake:4  | Learned a level 7 spell: Orb of Destruction
 70857 | Snake:4  | Got a serpentine rune of Zot
 71132 | Swamp:4  | Entered Level 4 of the Swamp
 75584 | Swamp:4  | Got a decaying rune of Zot
 76653 | D:13     | Noticed Rupert
 76658 | D:13     | Killed Rupert
 76799 | D:13     | Found Bamoschao's Jewellery Boutique.
 77151 | D:14     | Reached XP level 18. HP: 144/144 MP: 9/35
 77533 | D:14     | Reached skill level 17 in Conjurations
 78243 | D:15     | Entered Level 15 of the Dungeon
 78576 | D:15     | Received a gift from Sif Muna
 78577 | D:15     | Got Sif Muna's Catalogue of Enthralling Feathers {god gift}
 79111 | D:15     | Found a staircase to the Depths.
 79241 | D:15     | Noticed Nessos
 79255 | D:15     | Killed Nessos
 79407 | D:14     | Acquired the +1 pair of boots of Least Resistance {rC++
                  | Str+3 Int-2}
 79859 | D:1      | Bought the ring of Veogauk {Will+ Int+2 Dex+3} for 467 gold
                  | pieces
 80248 | Orc:1    | Entered Level 1 of the Orcish Mines
 80464 | Orc:1    | Reached skill level 1 in Shields
 81190 | Orc:2    | Entered Level 2 of the Orcish Mines
 81997 | Orc:2    | Found a staircase to the Elven Halls.
 82043 | Orc:2    | Received a gift from Sif Muna
 82126 | Orc:2    | Got Sif Muna's Reference Book on Conjuration {god gift}
 82817 | Orc:2    | Paralysed by an orc sorcerer for 4 turns
 82913 | Orc:2    | Found Domuhuto's Antique Weapon Shop.
 82913 | Orc:2    | Found Rituraq's General Store.
 82925 | Orc:2    | Found Luphatuh's Assorted Antiques.
 82925 | Orc:2    | Found Xair's Weapon Emporium.
 82936 | Orc:2    | Bought a fizzy puce potion for 15 gold pieces
 82942 | Orc:2    | Bought a potion of berserk rage for 65 gold pieces
 83189 | Elf:1    | Entered Level 1 of the Elven Halls
 83716 | Elf:1    | Reached skill level 10 in Dodging
 83937 | Elf:1    | Reached skill level 10 in Fighting
 84140 | Elf:1    | Reached skill level 5 in Shields
 84141 | Elf:1    | Identified the +3 leather armour of Hysteria {rF+ Int+5}
 84364 | Elf:1    | Found a runed translucent gate.
 84364 | Elf:1    | Found a runed translucent gate.
 84364 | Elf:1    | Found a runed translucent gate.
 84364 | Elf:1    | Found a runed translucent gate.
 84364 | Elf:1    | Found a runed translucent gate.
 84366 | Elf:1    | Found a runed translucent gate.
 85220 | Elf:1    | Received a gift from Sif Muna
 85221 | Elf:1    | Got Sif Muna's Reference Book on Confrontation {god gift}
 87481 | Elf:2    | Found Sacesu's Magic Scroll Boutique.
 87492 | Elf:2    | Bought a scroll of acquirement for 936 gold pieces
 87493 | Elf:2    | Acquired 1039 gold pieces
 88592 | Elf:2    | Identified the +1 robe "Tukyaqeq" {Dex+4}
 88854 | Elf:2    | Found a runed translucent gate.
 88854 | Elf:2    | Found a runed translucent gate.
 88855 | Elf:2    | Found a runed translucent gate.
 88889 | Elf:2    | Reached XP level 19. HP: 157/157 MP: 22/36
 89923 | Elf:2    | Received a gift from Sif Muna
 90807 | Elf:3    | Entered Level 3 of the Elven Halls
 91897 | D:15     | Identified Roxanne's Catalogue of Transmutation
 91897 | D:15     | Noticed Roxanne
 93915 | D:15     | Killed Roxanne
 94128 | Vaults:1 | Entered Level 1 of the Vaults
 94128 | Vaults:1 | Found Guer's Assorted Antiques.
 95405 | Vaults:1 | Reached skill level 10 in Shields
 96757 | Vaults:1 | Received a gift from Sif Muna
 96758 | Vaults:1 | Got Sif Muna's Papyrus of Freezing Necromancy {god gift}
 97901 | Vaults:2 | Identified the +3 mace of Popty {freeze, rCorr}
 98651 | Vaults:2 | Reached XP level 20. HP: 167/168 MP: 24/37
 99150 | Vaults:2 | Noticed Jory
 99165 | Vaults:2 | Killed Jory
 99315 | Vaults:2 | Got the Almanac of Sinister Rites and Transformation
100911 | Vaults:2 | Reached skill level 1 in Evocations
102160 | Vaults:3 | Reached skill level 18 in Conjurations
102483 | Vaults:3 | Learned a level 7 spell: Spellforged Servitor
103224 | Vaults:3 | Slain by a vampire knight

Illustrated notes

Levels and vault maps discovered:
D:1:      mrwooster_arrival_statue_3, layout_basic, basic_ecumenical_altar,
          st_stairs_6, nicolae_shop_unique_rings
D:2:      layout_basic, serial_shops, nicolae_shop_hallway_plus, basic_altar,
          due_unseen_surprise
D:3:      layout_loops_corners
D:4:      layout_loops_ring, serial_shops, shop_statue, minmay_splitting_lines,
          hangedman_abyss_or_decor_stabs, nicolae_stop_n_shop_1,
          minmay_shop_damaged, lexackson_kobold_supper, uniq_blork_the_orc,
          uniq_edmund
D:5:      layout_loops_cross, nicolae_overflow_hallway_of_the_gods,
          minmay_temple_entry_statues_fountains, serial_undead, serial_undead_c,
          serial_undead_a, serial_undead_e, serial_undead_e, serial_undead_d,
          serial_undead_f, serial_undead_e, serial_undead_a,
          chequers_hall_statues_y, feat_on_display, uniq_menkaure
D:6:      layout_basic, grunt_decor_clamped, corexii_shack
D:7:      layout_basic, overflow_temple_1_default, fountainhead,
          uniq_prince_ribbit1, uniq_maggie
D:8:      layout_loops_corners, gammafunk_ghost_ooze, minmay_starry_boxes
D:9:      layout_layer_cave, nicolae_overflow_hidden_temple, minivault_16,
          nrook_uturn
D:10:     layout_cave_pods, lair_entry_dummy, minmay_statue_bubble
D:11:     layout_cave_pods, david_orc_2, fedhas_ov_isle_minmay
D:12:     layout_loops_ring, kennysheep_generic_room_5
D:13:     layout_gridville, erik_vaults_2, serial_shops, kennysheep_mini,
          grunt_potential, uniq_josephine, uniq_rupert, uniq_maurice
D:14:     layout_irregular_city, bh_circular_ruins
D:15:     gammafunk_depths_entry_grave, layout_gridville, minmay_crystal_water,
          minmay_circle_x, uniq_nessos, uniq_roxanne
Temple:   nicolae_temple_x_marks_the_god
Lair:1:   layout_regular_city
Lair:2:   wander_river, layout_misc_corridors, skrybe_swamp_entry_bodies,
          grunt_forest_large_clearings
Lair:3:   layout_small_grid, minmay_snake_entry_six_corridors,
          chequers_serial_rivers_large_b, minivault_26, st_stairs_3,
          roderic_carrion_pond
Lair:4:   layout_concentric_octagons, basic_altar, beast_lair_carwin_4,
          infiniplex_staircase_pool, lemuel_fruit_fields, serial_bayou_shore_a,
          uniq_snorg
Lair:5:   layout_hall_layers, enter_volcano_2, serial_bayou_shore_b,
          lemuel_fruit_tree
Lair:6:   evilmike_catoblepas_cave, layout_gridlike,
          minmay_slime_entry_oklob_enclosed, gammafunk_ghost_abyssal_escape,
          st_stairs_11, nicolae_lair_time_for_slime, uniq_kirke
Swamp:1:  layout_basic_swamp, evilmike_swamp_ruin_house_3
Swamp:2:  layout_basic_swamp, evilmike_swamp_ruin_house_6, swamp_pool4,
          grunt_witch_cave
Swamp:3:  layout_basic_swamp, nicolae_swamp_ascending_descending, swamp_pool3,
          nicolae_swamp_dense_foliage
Swamp:4:  swamp_basic_johnstein, layout_basic_swamp,
          portal_ice_cave_entry_pillars_1
Snake:1:  layout_honeycomb
Snake:2:  layout_cave_pods, uniq_aizul
Snake:3:  layout_grid_shapes, special_room, minmay_shop_star
Snake:4:  snake_pit, layout_cave_town, nicolae_specific_store
Orc:1:    nicolae_orc_accident_3, layout_caves, hangedman_minor_magic
Orc:2:    grunt_orc_tribal_feast, layout_diamond_mine, mines2_david
Elf:1:    eino_elf_arrival_sip, layout_loops_cross, orc_legates,
          corexii_checkpoint_a, nicolae_elf_glass_and_crystal_pillar_1,
          nicolae_elf_deep_friendship
Elf:2:    nicolae_elf_blades_splatter_lattice [nicolae_blade_lattice],
          layout_geoelf_octagon, serial_shops, shop_coins, lemuel_upstairs_altar
Elf:3:    grunt_elf_hall_diamonds, layout_loops_corners, gammafunk_ghost_arena
Vaults:1: nicolae_vaults_murderbox, ontoclasm_vaults_pinch,
          hangedman_vaults_pinch, nicolae_vaults_mini_display_case,
          nicolae_vaults_network_quinsquares
          [nicolae_vaults_network_quincunx_subvault,
          nicolae_vaults_network_quincunx_subvault,
          nicolae_vaults_network_quincunx_subvault,
          nicolae_vaults_network_quincunx_subvault], vaults_standard_mumra_x,
          hangedman_vaults_hat, vaults_room_hallway,
          nicolae_vaults_little_squares_2, v_misc_26,
          hangedman_vaults_stretched_pinwheel, vaults_dpeg_hooks,
          layout_vaults_omnicross, serial_glass, serial_shops,
          nicolae_shop_overgrown_old_shop
Vaults:2: vaults_room_boxed, nicolae_vaults_three_branches, v_misc_13,
          ontoclasm_vaults_eye, nicolae_vaults_specimen_jars, v_misc_3,
          v_rooms_5, v_misc_24, nicolae_vaults_disjoint_gnomons,
          ontoclasm_vaults_decontamination, nicolae_vaults_an_arrangement,
          layout_vaults_maze_snakey, uniq_margery, uniq_jory
Vaults:3: minmay_crypt_entry_simple_box, hangedman_vaults_variations, v_misc_17,
          vaults_standard_mumra_lines, nicolae_vaults_rhombus_7,
          ontoclasm_vaults_ligature, dpeg_vaults_monster_box,
          layout_vaults_chaotic_city, nicolae_trove_entry_path_of_doom

Skill      XL: |  1  2  3  4  5  6  7  8  9 10 11 12 13 14 15 16 17 18 19 20 |
---------------+-------------------------------------------------------------+-----
Conjurations   | 5 6 7 8 9 10 11 12 13 14 16 17 18 | 18.0
Translocations | 1 2 4 5 7 8 9 |  9.0
Spellcasting   | 3 4 5 6 7 8 9 10 11 12 13 14 | 14.0
Hexes          | 1 4 5 6 7 8 9 |  9.0
Dodging        | 3 5 6 7 9 10 11 12 | 12.3
Stealth        | 3 5 8 9 |  9.0
Ice Magic      | 2 4 6 |  6.0
Air Magic      | 2 4 6 7 9 |  9.0
Invocations    | 3 5 9 11 12 | 12.0
Summonings     | 2 5 6 |  6.7
Fighting       | 2 3 6 8 11 12 | 12.0
Transmutations | 4 6 |  6.0
Shields        | 7 11 12 | 12.9
Evocations     | 2 |  2.0

Action                   |  1- 3 |  4- 6 |  7- 9 | 10-12 | 13-15 | 16-18 | 19-21 || total
-------------------------+-------+-------+-------+-------+-------+-------+-------++-------
Melee: Unarmed           |     7 |       |       |       |       |       |       ||     7
       Tailslap          |     2 |     5 |     8 |     4 |    20 |     1 |     5 ||    45
       Quarterstaff      |     1 |       |       |       |       |       |       ||     1
       Dagger            |       |    32 |    60 |    28 |       |       |       ||   120
       Punch             |       |     1 |     1 |     1 |       |       |       ||     3
       Staff             |       |       |       |    31 |    86 |    17 |    23 ||   157
       Bite              |       |       |       |       |     5 |     4 |     4 ||    13
 Cast: Magic Dart        |    77 |   113 |   211 |   164 |   197 |   612 |   176 ||  1550
       Searing Ray       |       |     3 |    36 |    51 |     2 |       |       ||    92
       Iskenderun's Myst |       |       |     8 |   109 |   211 |   178 |   159 ||   665
       Fulminant Prism   |       |       |     3 |    77 |    46 |     8 |     7 ||   141
       Passwall          |       |       |     2 |       |       |       |       ||     2
       Freezing Cloud    |       |       |       |    17 |   177 |   292 |   108 ||   594
       Apportation       |       |       |       |     5 |     2 |     2 |       ||     9
       Summon Lightning  |       |       |       |       |    21 |    32 |    19 ||    72
       Iskenderun's Batt |       |       |       |       |    30 |   121 |    40 ||   191
       Orb of Destructio |       |       |       |       |       |    19 |    42 ||    61
       Irradiate         |       |       |       |       |       |       |     2 ||     2
Invok: Channel Magic     |       |       |       |       |     8 |     2 |     4 ||    14
 Abil: Breathe Acid      |       |       |    11 |     8 |     7 |     4 |     2 ||    32
Evoke: Wand              |       |       |     6 |       |       |       |       ||     6
  Use: Scroll            |       |       |    18 |     9 |     5 |     4 |     6 ||    42
 Stab: Sleeping          |       |       |     1 |     2 |       |       |     1 ||     4
       Distracted        |       |       |       |       |     1 |       |       ||     1
Armor: Skin              |     3 |    15 |    54 |   169 |   146 |   106 |    40 ||   533
Dodge: Dodged            |    12 |    35 |    91 |   198 |   173 |   216 |   139 ||   864
Block: Kite shield       |       |       |       |       |       |    36 |   124 ||   160
